AoeStats
← 无忧无虑

Glade

510301070Analyzed
1v1 RM · 2d ago on Sep 30, 2026· 93m 29s· 2 players
Game mode
Random Map
Map size
Tiny (2 player)
Population
200
Speed
Normal
Resources
Standard
Victory
Conquest
Starting age
Dark Age
Ending age
Imperial Age
RankedLock teamsTeams togetherTeam positionsShared explorationLock speedFull tech treeHidden civsTurbo modeCheats
Victory
Defeat
🇺🇸 Bengalis · United States
656
+33
🇨🇳 Teutons · China
644
-33
无忧无虑
14:05 Feudal Age
16:47 Horse Collar
18:30 Wheelbarrow
18:21 Man-at-Arms
19:28 Double-Bit Axe
20:54 Scale Mail Armor
20:55 Town Watch
22:16 Forging
23:21 Gold Mining
26:32 Castle Age
26:30 Stone Mining
26:55 Scale Barding Armor
30:08 Hand Cart
30:32 Iron Casting
30:13 Chain Mail Armor
29:23 Long Swordsman
29:49 Gambesons
30:05 Squires
30:51 Heavy Plow
33:50 Town Patrol
36:57 Imperial Age
35:46 Guard Tower
39:06 Blast Furnace
39:08 Two-Handed Swordsman
40:23 Champion
43:38 Keep
46:16 Elite Teutonic Knight
52:44 Cavalier
53:35 Bloodlines
55:31 Chain Barding Armor
57:01 Hoardings
59:24 Plate Barding Armor
88:58 Conscription
nishantjr
1:20 Loom
13:59 Feudal Age
17:12 Wheelbarrow
18:10 Double-Bit Axe
18:21 Gold Mining
19:36 Padded Archer Armor
19:32 Fletching
22:50 Castle Age
25:04 Hand Cart
35:37 Imperial Age
34:49 Pikeman
39:50 Elite Elephant Archer
44:27 Scale Barding Armor
44:39 Leather Archer Armor
45:42 Ballistics
46:25 Chemistry
45:28 Elite Ratha (Ranged)
49:39 Sanctity
54:23 Siege Engineers
66:12 Halberdier
71:32 Squires
72:13 Paiks
92:20 Illumination
92:13 Block Printing
92:37 Theocracy
Connection lost

Rejoining the realm…

Still unreachable

The connection could not be restored.

Session expired

The server has moved on; the page needs a fresh start.